 Dungeon Crawl Stone Soup version 0.28-a0-1447-ga5a8893891 (webtiles) character file.

Game seed: 9908090746297408372

58 bladeefan the Cudgeller (level 3, 0/29 HPs)
             Began as a Demonspawn Chaos Knight on Jan 11, 2022.
             Was a Plaything of Xom.
             Slain by a worm (15 damage)
             ... on level 2 of the Dungeon.
             The game lasted 00:02:31 (1037 turns).

bladeefan the Cudgeller (Demonspawn Chaos Knight)   Turns: 1037, Time: 00:02:32

Health: 0/29       AC: 12    Str: 14    XL:     3   Next: 75%
Magic:  3/3        EV: 11    Int: 13    God:    Xom [..*...]
Gold:   62         SH:  0    Dex: 12    Spells: 2/2 levels left

rFire   . . .      SeeInvis +   a - +0 mace (chaos)
rCold   . . .      Faith    .   (no shield)
rNeg    . . .      Spirit   .   b - +2 leather armour
rPois   .          Reflect  .   f - +0 helmet
rElec   .          Harm     .   (no cloak)
rCorr   .          Rampage  .   (no gloves)
Will    .....                   (no boots)
Stlth   +.........              (no amulet)
HPRegen 0.09/turn               z - ring of see invisible
MPRegen 0.08/turn               (no ring)

@: sanguine armoured
A: ignite blood 1, sanguine armour 1
a: Renounce Religion


You were on level 2 of the Dungeon.
You worshipped Xom.
You were a toy of Xom.
You visited 1 branch of the dungeon, and saw 2 of its levels.

You collected 62 gold pieces.

Inventory:

Hand Weapons
 a - a +0 mace of chaos (weapon)
Armour
 b - a +2 leather armour (worn)
 f - a +0 helmet (worn)
   (You found it on level 1 of the Dungeon)
 j - the +0 helmet of Uduosoubb {Int+4}
   (You took it off Robin on level 2 of the Dungeon)

   Int:       It affects your intelligence (+4).
Jewellery
 e - a +6 ring of strength
   (You found it on level 1 of the Dungeon)
 z - a ring of see invisible (left hand)
   (You found it on level 1 of the Dungeon)
Scrolls
 d - 3 scrolls of teleportation {unknown}
 h - a scroll of immolation {unknown}
 i - a scroll of amnesia {unknown}
 l - a scroll of vulnerability {unknown}
Potions
 c - a potion of curing {unknown}
 g - a potion of brilliance {unknown}
 k - a potion of mutation {unknown}


   Skills:
 + Level 3.3 Fighting
 * Level 3.4 Maces & Flails
 + Level 2.3 Armour
 + Level 1.5 Dodging


You had 2 spell levels left.
You didn't know any spells.
Your spell library contained the following spells:

 Spells                   Type           Power      Damage    Failure   Level
 Magic Dart               Conj           0%         1d3       36%         1
 Call Imp                 Summ           0%         N/A       50%         2
 Mephitic Cloud           Conj/Pois/Air  0%         N/A       75%         3


Dungeon Overview and Level Annotations

Branches:
Dungeon (2/15)

Altars:


Innate Abilities, Weirdness & Mutations

Your demonic aura sometimes causes spilled blood to erupt in flames.
When seriously injured, your blood forms armour. (AC +6)


Message History

The adder hisses angrily.
The adder misses you.
You hit the adder but do no damage. The adder bites you.
The adder barely misses you.
You sock the adder! You freeze the adder. The adder bites you.
The adder barely misses you.
You barely miss the adder. The adder bites you but does no damage.
You hit the adder.
The adder appears confused.
You barely miss the adder. The adder misses you.
Unknown command.
You hit the adder.
You kill the adder!
You see here an adder corpse.
You see here an adder corpse.
Key pressed, stopping explore.
l - a scroll labelled ZOAXZA XEYD Key pressed, stopping explore.
An endoplasm comes into view.
Found 10 gold pieces.
An endoplasm is nearby!
You hit the endoplasm. The endoplasm hits you.
The endoplasm hits you but does no damage.
You hit the endoplasm. The endoplasm freezes you.
You are frozen.
You hit the endoplasm.
You kill the endoplasm!
No target in view!
No target in view!
No target in view!
You now have 62 gold pieces (gained 10).
Found a stone staircase leading up.
Found a scroll labelled KIGHIRRERIOM.
A worm comes into view.
You see here a scroll labelled KIGHIRRERIOM.
A worm is nearby!
Number of times to repeat, then command key: You must enter the number of times for the command to repeat.
You hit the worm.
The worm is poisoned.
The worm bites you but does no damage.
You barely miss the worm. The worm misses you.
You hit the worm.
The worm goes berserk!
Xom is highly amused!
The worm bites you.
You hit the worm. The worm barely misses you.
Unknown command.
You hit the worm. The worm bites you!
Your blood congeals into armour.
You barely miss the worm. The worm bites you!
Ouch! That really hurt!
You die... "This toy is broken."

#.# #.# ..# .....
#.# #<#.# #..
#.#.# #.# #.#.#
#.## #.#.#
#w##.#####.#.#
#@##.........#####
#.#####...........
#.# ##.##.#######
#?####...#.# #
#........#.# #
######...#.# #
#####.#######
#.......#
#######..


You could see a worm (berserk, very poisoned).

Vanquished Creatures
  Robin (D:2)
  An adder (D:2)
  3 dart slugs (D:1)
  4 endoplasms
  8 goblins
  4 hobgoblins
  2 quokkas (D:1)
  3 ball pythons
  5 rats
31 creatures vanquished.

Notes
Turn   | Place    | Note
-------+----------+-------------------------------------------
     0 | D:1      | bladeefan the Demonspawn Chaos Knight began the quest for
                  | the Orb.
     0 | D:1      | Reached XP level 1. HP: 18/18 MP: 1/1
   152 | D:1      | XOM: silly message
   168 | D:1      | Reached skill level 1 in Dodging
   282 | D:1      | Found a faded altar of an unknown god.
   284 | D:1      | XOM: divination: detect items
   287 | D:1      | Gained mutation: Your demonic aura sometimes causes spilled
                  | blood to erupt in flames. [demonic ancestry]
   287 | D:1      | Reached XP level 2. HP: 21/24 MP: 2/2
   695 | D:2      | XOM: potion effect (might)
   698 | D:2      | Identified the +0 helmet of Uduosoubb {Int+4}
   698 | D:2      | Noticed Robin
   702 | D:2      | Killed Robin
   703 | D:2      | Gained mutation: When seriously injured, your blood forms
                  | armour. (AC +6) [demonic ancestry]
   703 | D:2      | Reached XP level 3. HP: 29/29 MP: 3/3
  1037 | D:2      | Slain by a worm

Illustrated notes

Levels and vault maps discovered:
D:1:      minmay_arrival_up_and_down, layout_rooms,
          hellmonk_ecumenical_altar_arch_garden
D:2:      layout_loops_ring, uniq_robin

Skill      XL: |  1  2 |
---------------+-------+-----
Dodging        | 1 |  1.5
Maces & Flails | 3 |  3.4
Armour         | 2 |  2.3
Fighting       | |  3.3

Action                   || total
-------------------------++-------
Melee: Mace              ||    79
Armor: Leather armour    ||    31
Dodge: Dodged            ||    46

Table legend: (Time is in decaauts)
 A = Elapsed time spent in this place.
 B = Non-inter-level travel time spent in this place.
 C = Inter-level travel time spent in this place.
 D = Time resting spent in this place.
 E = Time spent auto-exploring this place.
 F = Levels seen in this place.
 G = Mean time per level.
                   A        B        C        D        E       F      G
               +--------+--------+--------+--------+--------+-----+--------+
         Total |   1056 |   1023 |     33 |      0 |    736 |   2 |  528.0 |
       Dungeon |   1056 |   1023 |     33 |      0 |    736 |   2 |  528.0 |
               +--------+--------+--------+--------+--------+-----+--------+

Top non-repeatable levels by time:
     D:1: 703 daAuts
     D:2: 352 daAuts
